AoeStats
← hotshotgg

Nomad

508969733Analyzed
4v4 RM · 7d ago on Sep 24, 2026· 45m 20s· 8 players
Game mode
Random Map
Map size
231×231
Population
200
Speed
Normal
Resources
Standard
Victory
Conquest
Starting age
Dark Age
Ending age
Imperial Age
RankedLock teamsTeams togetherTeam positionsShared explorationLock speedFull tech treeHidden civsTurbo modeCheats
Victory
Defeat
🇬🇧 Varangians · United Kingdom
1378
+17
🇺🇸 Turks · United States
1373
+17
🇵🇹 Tatars · Portugal
1366
+17
🇺🇸 Italians · United States
1342
+18
🇭🇰 Wei · Hong Kong SAR China
1451
-19
🇵🇪 Franks · Peru
1424
-19
🇬🇧 Vietnamese · United Kingdom
1370
-16
🇧🇪 Vikings · Belgium
1339
-15
whitewidow52
5:34 Loom
7:13 Loom
13:01 Feudal Age
17:17 Castle Age
18:23 Double-Bit Axe
18:20 Horse Collar
23:01 Fletching
34:42 Wheelbarrow
43:00 Imperial Age
42:31 Gold Mining
43:41 Padded Archer Armor
44:06 Bow Saw
mikeymazko
5:12 Loom
12:26 Feudal Age
13:12 Double-Bit Axe
13:10 Fishing Lines
15:07 Town Watch
15:41 Forging
19:12 Castle Age
17:04 Gold Mining
17:57 Fletching
20:07 Medium Warships
19:54 Bodkin Arrow
20:11 Bow Saw
20:40 Wheelbarrow
21:39 Gillnets
24:15 Ballistics
24:55 Careening
25:19 Stone Mining
26:03 Treadmill Crane
28:40 Hand Cart
28:31 Padded Archer Armor
32:08 Imperial Age
30:06 Murder Holes
31:37 Scale Mail Armor
32:13 Iron Casting
33:00 Horse Collar
34:46 Squires
36:11 Blast Furnace
35:57 Conscription
35:50 Arson
36:22 Chain Mail Armor
38:21 Plate Mail Armor
40:19 Two-Man Saw
42:03 Coinage
jeffarin_bobzos
4:49 Loom
13:59 Feudal Age
14:55 Double-Bit Axe
17:33 Castle Age
15:16 Horse Collar
15:55 Fishing Lines
16:02 Fishing Lines
16:55 Fletching
17:29 Gold Mining
18:24 Bodkin Arrow
18:46 Bow Saw
19:28 Gillnets
20:01 Heavy Plow
22:10 Wheelbarrow
23:32 Hand Cart
24:49 Scale Mail Armor
26:37 Chain Mail Armor
26:30 Scale Barding Armor
26:35 Forging
29:45 Bloodlines
29:36 Husbandry
32:51 Ballistics
32:49 Stone Mining
36:43 Imperial Age
34:20 Vendel Legacy
37:34 Bracer
37:02 Cavalier
38:05 Chain Barding Armor
38:20 Iron Casting
39:21 Conscription
40:05 Plate Barding Armor
44:52 Iron Casting
hotshotgg
8:05 Loom
12:35 Feudal Age
13:16 Double-Bit Axe
14:46 Town Watch
18:51 Castle Age
17:29 Fletching
18:11 Padded Archer Armor
19:19 Bloodlines
20:01 Bodkin Arrow
20:22 Bow Saw
31:14 Wheelbarrow
31:35 Ballistics
44:32 Leather Archer Armor
LanaAio
4:02 Loom
12:43 Feudal Age
15:26 Fletching
17:13 Double-Bit Axe
19:33 Fishing Lines
23:05 Castle Age
26:24 Gillnets
28:38 Bodkin Arrow
37:26 Imperial Age
36:15 Scale Mail Armor
36:26 Forging
36:07 Pikeman
36:48 Squires
36:16 Man-at-Arms
37:46 Gold Mining
37:25 Long Swordsman
37:40 Capped Ram
38:35 Horse Collar
38:24 Two-Handed Swordsman
39:43 Chain Mail Armor
40:53 Iron Casting
40:28 Siege Ram
43:58 Elite Varangian Guard
45:01 Bow Saw
Alotta Fagina
7:20 Loom
12:26 Feudal Age
16:58 Castle Age
15:41 Stone Mining
17:00 Double-Bit Axe
17:09 Gold Mining
18:04 Bow Saw
21:43 Fletching
23:22 Padded Archer Armor
23:20 Bodkin Arrow
27:07 Padded Archer Armor
33:37 Imperial Age
31:39 Ballistics
37:04 Wheelbarrow
37:03 Leather Archer Armor
39:40 Bracer
40:19 Elite Rattan Archer
44:08 Ring Archer Armor
The Crusades Crusader
5:07 Loom
13:53 Feudal Age
15:03 Double-Bit Axe
16:25 Fletching
16:45 Gold Mining
17:51 Wheelbarrow
21:53 Castle Age
19:54 Horse Collar
20:43 Stone Mining
22:51 Medium Warships
23:05 Bow Saw
23:09 Bodkin Arrow
24:05 Town Watch
26:42 Careening
28:17 Heavy Plow
29:28 Gold Shaft Mining
30:04 Stone Shaft Mining
30:53 Scale Barding Armor
31:38 Bloodlines
31:40 Forging
32:26 Chain Barding Armor
36:07 Tuntian
37:57 Iron Casting
41:57 Imperial Age
40:18 Hand Cart
41:47 Ballistics
41:45 Husbandry
43:58 Blast Furnace
42:53 Heavy Hei Guang Cavalry
aq.gjoel
4:38 Loom
15:59 Feudal Age
20:20 Castle Age
19:28 Forging
21:54 Scale Barding Armor
22:35 Husbandry
23:44 Town Watch
31:25 Wheelbarrow
32:39 Chain Barding Armor
34:12 Iron Casting
37:43 Hand Cart
38:42 Town Patrol
38:34 Double-Bit Axe
47:29 Imperial Age
44:58 Gold Mining
Connection lost

Rejoining the realm…

Still unreachable

The connection could not be restored.

Session expired

The server has moved on; the page needs a fresh start.